 Dungeon Crawl Stone Soup version 0.20.1-1-g8b1a95d (webtiles) character file.

1237 panicbit the Cleaver (level 8, -14/70 HPs)
             Began as a Minotaur Fighter on Oct 25, 2017.
             Was a Follower of Okawaru.
             Killed from afar by a gargoyle (28 damage)
             ... with a stone arrow
             ... on level 6 of the Dungeon.
             The game lasted 00:08:10 (2901 turns).

panicbit the Cleaver (Minotaur Fighter)             Turns: 2901, Time: 00:08:10

Health: -14/70     AC: 10    Str: 22    XL:     8   Next: 24%
Magic:  7/7        EV:  9    Int:  5    God:    Okawaru [*.....]
Gold:   329        SH: 10    Dex: 11    Spells: 7/7 levels left

rFire    + . .     SeeInvis .   a - +0 war axe
rCold    x . .     Gourm    .   c - +0 shield
rNeg     . . .     Faith    .   b - +0 scale mail
rPois    .         Spirit   .   (helmet restricted)
rElec    .         Reflect  .   (no cloak)
rCorr    .         Harm     .   x - +0 pair of gloves
MR       .....                  B - +0 pair of boots
Stlth    ..........             l - amulet of regeneration
Regen    0.7/turn               g - +5 ring of slaying
MPRegen  0.1/turn               r - ring of fire

@: no status effects
A: retaliatory headbutt, horns 2
a: Heroism, Renounce Religion


You were on level 6 of the Dungeon.
You worshipped Okawaru.
Okawaru was aware of your devotion.
You were hungry.

You visited 2 branches of the dungeon, and saw 7 of its levels.

You collected 329 gold pieces.

Inventory:

Hand Weapons
 a - a +0 war axe (weapon)
Armour
 b - a +0 scale mail (worn)
 c - a +0 shield (worn)
 x - a +0 pair of gloves (worn)
 B - a +0 pair of boots (worn)
Jewellery
 e - an uncursed amulet of guardian spirit
 g - a +5 ring of slaying (left hand)
 l - an amulet of regeneration (around neck)
 r - a ring of fire (right hand)
Wands
 z - a wand of clouds (5/9)
Scrolls
 j - 6 scrolls of teleportation {unknown}
 k - 6 scrolls of identify {unknown}
 m - a scroll of amnesia {unknown}
 o - a scroll of noise {unknown}
 p - a scroll of blinking {unknown}
 q - 2 scrolls of enchant armour {unknown}
 s - 5 scrolls of fog {unknown}
 t - 2 scrolls of recharging {unknown}
 w - 2 scrolls of magic mapping {unknown}
 y - a scroll of remove curse {unknown}
 C - a scroll of holy word {unknown}
Potions
 d - 3 potions of might
 h - 3 potions of curing {unknown}
 v - 2 potions of heal wounds {unknown}
 D - a potion of mutation {unknown}
Comestibles
 f - 3 bread rations
 i - 2 royal jellies
 n - 3 fruits
 u - 3 meat rations
 A - 13 chunks of flesh


   Skills:
 + Level 5.7 Fighting
 + Level 8.2 Axes
 + Level 5.9 Armour
 + Level 2.1 Dodging
 + Level 0.8 Stealth
 + Level 6.4 Shields


You had 7 spell levels left.
You didn't know any spells.

Dungeon Overview and Level Annotations

Branches:
Dungeon (6/15)             Temple (1/1) D:5

Altars:
Ashenzari
Cheibriados
Dithmenos
Elyvilon
Fedhas
Gozag
Hepliaklqana
Kikubaaqudgha
Makhleb
Nemelex Xobeh
Okawaru
Qazlal
Ru
Sif Muna
Trog
Uskayaw
Vehumet
Xom
Yredelemnul
Zin
The Shining One


Innate Abilities, Weirdness & Mutations

You reflexively headbutt those who attack you in melee.
You have a pair of horns on your head.


Message History

You hit the black bear.
You kill the black bear!
Okawaru accepts your kill.
Your Axes skill increases to level 8!
You hit the gargoyle.
The gargoyle is moderately damaged.
The gargoyle hurls a stone arrow at you.
The stone arrow hits you!
* * * LOW HITPOINT WARNING * * *
You barely miss the gargoyle.
You headbutt the gargoyle, but do no damage.
The gargoyle is moderately damaged.
The gargoyle hurls a stone arrow at you.
The stone arrow hits you!
* * * LOW HITPOINT WARNING * * *
You hit the gargoyle but do no damage.
The gargoyle is moderately damaged.
The gargoyle hurls a stone arrow at you.
The stone arrow hits you!
You die...

#. #.. ##### ..
....#..$# ...
.P..#...###..
._.......##.###
P.P.#....##...#
..........$.#
........###.#####..
........†9@......#
###########.####.#
######.# #......#
#.###### #.....##
#......# #......#
#.####......#


You could see a gargoyle.

Vanquished Creatures
  A sky beast (D:6)
  2 black bears (D:6)
  4 ogres
  A crimson imp (D:5)
  A hound (D:5)
  2 orc priests
  6 orc wizards
  A centaur skeleton (D:5)
  A bullfrog skeleton (D:5)
  An iguana (D:4)
  5 worker ants
  A gnoll (D:1)
  5 adders
  A shadow imp (D:6)
  4 worms
  3 leopard geckos
  13 orcs
  3 bats
  2 giant cockroaches
  3 goblins
  4 hobgoblins
  4 jackals (D:4)
  A kobold (D:2)
  4 frilled lizards
  A jackal skeleton (D:4)
  2 leopard gecko skeletons
  5 rats
81 creatures vanquished.

Notes
Turn   | Place    | Note
-------+----------+-------------------------------------------
     0 | D:1      | panicbit the Minotaur Fighter began the quest for the Orb.
     0 | D:1      | Reached XP level 1. HP: 19/19 MP: 0/0
   119 | D:1      | Reached XP level 2. HP: 24/27 MP: 1/1
   465 | D:2      | Reached XP level 3. HP: 33/33 MP: 2/2
   574 | D:2      | Found a sacrificial altar of Ru.
  1052 | D:3      | Reached skill level 3 in Axes
  1066 | D:3      | Reached XP level 4. HP: 28/40 MP: 3/3
  1515 | D:4      | Noticed an ogre
  1520 | D:4      | Killed an ogre
  1520 | D:4      | Reached skill level 4 in Axes
  1520 | D:4      | Reached XP level 5. HP: 46/46 MP: 4/4
  1595 | D:4      | Reached skill level 5 in Armour
  1597 | D:4      | Reached skill level 5 in Shields
  1670 | D:4      | Reached XP level 6. HP: 47/53 MP: 5/5
  1725 | D:4      | Reached skill level 5 in Axes
  1744 | D:4      | Reached skill level 1 in Dodging
  1990 | D:5      | Entered Level 5 of the Dungeon
  2034 | D:5      | Reached skill level 6 in Axes
  2036 | D:5      | Reached XP level 7. HP: 42/60 MP: 6/6
  2058 | D:5      | Found a staircase to the Ecumenical Temple.
  2063 | Temple   | Entered the Ecumenical Temple
  2207 | Temple   | Became a worshipper of Warmaster Okawaru
  2510 | D:5      | Reached skill level 5 in Fighting
  2510 | D:5      | Reached skill level 7 in Axes
  2514 | D:5      | Reached * piety under Okawaru
  2840 | D:6      | Reached XP level 8. HP: 63/69 MP: 7/7
  2883 | D:6      | Noticed a gargoyle
  2886 | D:6      | Found a bloodstained altar of Trog.
  2898 | D:6      | Reached skill level 8 in Axes
  2901 | D:6      | Killed from afar by a gargoyle

Skill      XL: |  1  2  3  4  5  6  7  8 |
---------------+-------------------------+-----
Shields        | 4 5 6 |  6.4
Fighting       | 4 5 |  5.7
Armour         | 4 5 |  5.9
Axes           | 3 4 6 7 8 |  8.2
Dodging        | 1 2 |  2.1
Stealth        | |  0.8

Action                   |  1- 3 |  4- 6 |  7- 9 || total
-------------------------+-------+-------+-------++-------
Melee: War axe           |    57 |    74 |    56 ||   187
       Headbutt          |     8 |     9 |    14 ||    31
  Eat: Chunk             |       |     4 |     2 ||     6
Armor: Scale mail        |    27 |    22 |    17 ||    66
Dodge: Dodged            |    11 |    21 |    17 ||    49
Block: Shield            |    28 |    36 |    30 ||    94
